[Event "Titled Tuesday Blitz July 4 Late 2023"]
[White "Prieto Aranguren, Alain"]
[Black "Przybylski, Wojciech"]
[WhiteFideId "2268906"]
[BlackFideId "1117599"]
[WhiteElo "2387"]
[BlackElo "2557"]
[Result "0-1"]
[Round "5"]
[TimeControl "180+2"]
[Date "2023.07.04"]
[WhiteClock "0:00:00"]
[BlackClock "0:00:09"]
[Board "86"]

1. d4 d5 2. c4 e6 3. Nc3 Nf6 4. cxd5 exd5 5. Bg5 Nbd7 6. e3 c6 7. Bd3 Be7 8. Nf3 O-O 9. O-O Re8 10. Rb1 a5 11. Qc2 Nf8 12. Ne5 Ng6 13. Nxg6 fxg6 14. Na4 Ne4 15. Bxe7 Qxe7 16. Bxe4 Qxe4 17. Qxe4 Rxe4 18. Nc5 Re7 19. Rbc1 g5 20. Rc3 Bf5 21. Rfc1 h5 22. Rb3 Ra7 23. a4 Kf7 24. Rb6 h4 25. Rc3 g4 26. Rcb3 Bc8 27. Nd3 Rc7 28. Ne5+ Kf6 29. Rc3 Kf5 30. Rb5 Re7 31. Rbc5 Be6 32. f3 gxf3 33. gxf3 g5 34. Kf2 Ra8 35. Rb3 Kf6 36. Ke2 Bf5 37. Kd2 Ke6 38. Rb6 Rc7 39. Rb3 Kd6 40. Rc1 Rg8 41. Rg1 Bc8 42. Rc3 Re7 43. Rcc1 Reg7 44. Rg2 Bh3 45. Rgg1 Bc8 46. Kc3 b6 47. Rc2 c5 48. Rcg2 Be6 49. h3 Ke7 50. Ng4 Rf8 51. Rf2 Rgf7 52. Ne5 Rg7 53. f4 Kd6 54. Rfg2 Bxh3 55. Rxg5 Rxg5 56. Rxg5 Bf5 57. Rh5 h3 58. Rh6+ Kc7 59. dxc5 bxc5 60. Nd3 Re8 61. Nxc5 Rxe3+ 62. Kd4 Re2 63. Kxd5 h2 64. Na6+ Kb7 65. Nc5+ Kc7 66. Na6+ Kd8 0-1


[Site "https://www.chess.com"]

[Event "Titled Tuesday Blitz July 4 Late 2023"]
[White "reevecanada"]
[Black "financieru"]
[WhiteElo "2557"]
[BlackElo "2386"]
[Result "1-0"]
[Round "5"]
[TimeControl "180+2"]
[Date "2023.07.04"]
[WhiteClock "0:01:08"]
[BlackClock "0:00:09"]
[Board "87"]

1. e4 c5 2. Nf3 e6 3. b3 b6 4. Bb2 Bb7 5. Nc3 Nf6 6. e5 Nd5 7. Nxd5 Bxd5 8. Be2 Be7 9. O-O O-O 10. c4 Bb7 11. d4 cxd4 12. Qxd4 Nc6 13. Qg4 Kh8 14. Rfd1 Qe8 15. Ng5 f5 16. exf6 Bxf6 17. Bxf6 gxf6 18. Nxh7 Kxh7 19. Rd3 Qg6 20. Rxd7+ Rf7 21. Qxg6+ Kxg6 22. Bh5+ Kxh5 23. Rxf7 Rb8 24. Rxf6 Nd4 25. f4 Rg8 26. g3 Rg6 27. Rxg6 Kxg6 28. Rd1 Nf5 29. Rd7 Be4 30. Rxa7 Kh5 31. Ra6 Kg4 32. Rxb6 Kf3 33. Rxe6 Nd4 34. Rd6 Ne2+ 35. Kf1 Nc3 36. a3 Bf5 37. c5 Ne4 38. Rd3+ Kg4 39. Rd5 Be6 40. Re5 Nd2+ 41. Ke2 1-0


[Site "https://www.chess.com"]

[Event "Titled Tuesday Blitz July 4 Late 2023"]
[White "Estrada Nieto, Julian"]
[Black "Fernandez Siles, Luis"]
[WhiteFideId "5101018"]
[BlackFideId "2209420"]
[WhiteElo "2554"]
[BlackElo "2379"]
[Result "0-1"]
[Round "5"]
[TimeControl "180+2"]
[Date "2023.07.04"]
[WhiteClock "0:00:01"]
[BlackClock "0:00:07"]
[Board "88"]

1. e4 c5 2. Nf3 Nc6 3. Bb5 g6 4. Bxc6 dxc6 5. d3 Bg7 6. h3 Nf6 7. Nc3 Nd7 8. Be3 b6 9. Qd2 h6 10. a4 a5 11. O-O e5 12. Nh2 Nf8 13. f4 exf4 14. Bxf4 Ne6 15. Be3 Nd4 16. Nf3 Be6 17. Bxd4 cxd4 18. Ne2 O-O 19. Nf4 Qe7 20. Nxe6 fxe6 21. Rf2 e5 22. Raf1 Rf4 23. Nh2 Rxf2 24. Rxf2 Rf8 25. Rxf8+ Qxf8 26. b3 h5 27. Nf3 Bh6 28. Qe1 Be3+ 29. Kh1 Qf6 30. Qg3 Bf4 31. Qe1 g5 32. Nd2 Bxd2 33. Qxd2 Qf1+ 34. Kh2 Qf4+ 35. Qxf4 exf4 36. Kg1 g4 37. Kf2 Kf7 38. Ke2 Kf6 39. Kf2 Kg5 40. Ke2 Kf6 41. Kf2 Ke5 42. Kg1 b5 43. Kf2 bxa4 44. bxa4 c5 45. Kf1 c4 46. Kf2 c3 47. Kf1 Kd6 48. Kf2 Kc5 49. Kf1 Kb4 50. Ke2 Kc5 51. hxg4 hxg4 52. Kf2 Kb4 53. Ke2 Kxa4 54. Kf2 Kb5 55. e5 Kc6 56. e6 Kd6 57. e7 Kxe7 0-1


[Site "https://www.chess.com"]

[Event "Titled Tuesday Blitz July 4 Late 2023"]
[White "Bruedigam, Martin"]
[Black "Silva, Pedro Gil Ferreira Da"]
[WhiteFideId "24608033"]
[BlackFideId "1946102"]
[WhiteElo "2552"]
[BlackElo "2377"]
[Result "1-0"]
[Round "5"]
[TimeControl "180+2"]
[Date "2023.07.04"]
[WhiteClock "0:01:59"]
[BlackClock "0:02:03"]
[Board "89"]

1. Nf3 g6 2. e3 Bg7 3. d4 Nf6 4. Nbd2 O-O 5. b3 b6 6. Bb2 Bb7 7. Be2 c5 8. O-O d6 9. c4 e6 10. Re1 Nc6 11. Bd3 cxd4 12. Nxd4 Nxd4 13. Bxd4 Qe7 14. Qe2 Rfd8 15. Red1 e5 16. Bb2 d5 17. cxd5 Nxd5 18. Ba6 Nb4 19. Bxb7 Qxb7 20. a3 Nd3 21. Bc3 Rac8 22. Nc4 e4 23. Bxg7 Kxg7 24. a4 Qe7 25. Rd2 Nb4 26. Rad1 Rxd2 27. Qxd2 Rd8 28. Qxd8 1-0


[Site "https://www.chess.com"]

[Event "Titled Tuesday Blitz July 4 Late 2023"]
[White "ArtemDyachuk"]
[Black "Bazilius, Augustinas"]
[BlackFideId "12832251"]
[WhiteElo "2551"]
[BlackElo "2366"]
[Result "1-0"]
[Round "5"]
[TimeControl "180+2"]
[Date "2023.07.04"]
[WhiteClock "0:01:45"]
[BlackClock "0:00:14"]
[Board "90"]

1. e4 c5 2. Nf3 d6 3. d4 cxd4 4. Nxd4 Nf6 5. Nc3 Nc6 6. h3 e5 7. Nb3 Be7 8. Bc4 a6 9. Bg5 O-O 10. Bxf6 Bxf6 11. Qd3 b5 12. Bd5 Nb4 13. Qe2 Nxd5 14. Nxd5 Be6 15. O-O-O Bxd5 16. Rxd5 Qc7 17. Rhd1 Rfd8 18. Qd3 Be7 19. Kb1 Rdc8 20. c3 Qc4 21. f3 Qxd3+ 22. R1xd3 f6 23. Nd2 Kf7 24. Nf1 Ke6 25. Ne3 g6 26. g3 Rcb8 27. f4 a5 28. Kc2 Ra6 29. a3 Rc6 30. a4 Rcb6 31. Rxb5 Rxb5 32. axb5 Rxb5 33. Nd5 f5 34. Nc7+ 1-0


[Site "https://www.chess.com"]

[Event "Titled Tuesday Blitz July 4 Late 2023"]
[White "Besedes, Danilo"]
[Black "Alahakoon, Isuru"]
[WhiteFideId "946796"]
[BlackFideId "9900993"]
[WhiteElo "2546"]
[BlackElo "2364"]
[Result "0-1"]
[Round "5"]
[TimeControl "180+2"]
[Date "2023.07.04"]
[WhiteClock "0:00:00"]
[BlackClock "0:00:04"]
[Board "91"]

1. b3 e5 2. Bb2 Nc6 3. e3 g6 4. Bb5 Nge7 5. Nf3 Bg7 6. O-O O-O 7. d4 a6 8. Bxc6 Nxc6 9. d5 e4 10. Bxg7 Kxg7 11. dxc6 exf3 12. Qxf3 dxc6 13. Rd1 Qf6 14. Qxf6+ Kxf6 15. Nd2 Bf5 16. e4 Bg4 17. f3 Be6 18. Nf1 Rfd8 19. Kf2 c5 20. Ne3 c6 21. Rxd8 Rxd8 22. Rd1 Ra8 23. f4 Ke7 24. g4 f6 25. f5 Bf7 26. h3 b5 27. Ra1 Rd8 28. Rd1 Ra8 29. Ra1 Rd8 30. a4 Rd2+ 31. Kf3 Rh2 32. Kg3 Re2 33. Kf3 Rh2 34. axb5 Rxh3+ 35. Ke2 axb5 36. Ra7+ Ke8 37. g5 fxg5 38. f6 h5 39. e5 g4 40. e6 Bxe6 41. Re7+ Kf8 42. Rxe6 Rh2+ 43. Kf1 g3 44. Rxc6 h4 45. Ng4 h3 46. Ne5 Rf2+ 47. Ke1 Rxf6 48. Rxf6+ Ke7 49. Rxg6 h2 50. Rh6 g2 51. Nf3 g1=Q+ 52. Nxg1 hxg1=Q+ 53. Ke2 Qg4+ 54. Ke1 Qg3+ 55. Kd1 Qg1+ 56. Ke2 Qg2+ 0-1


[Site "https://www.chess.com"]

[Event "Titled Tuesday Blitz July 4 Late 2023"]
[White "Ambartsumova, Karina"]
[Black "Seletsky, Grigory"]
[WhiteFideId "4166299"]
[BlackFideId "14112191"]
[WhiteElo "2544"]
[BlackElo "2361"]
[Result "1-0"]
[Round "5"]
[TimeControl "180+2"]
[Date "2023.07.04"]
[WhiteClock "0:00:03"]
[BlackClock "0:00:00"]
[Board "92"]

1. e4 c5 2. Nf3 d6 3. Bb5+ Nc6 4. O-O Bd7 5. c3 Nf6 6. Re1 a6 7. Bf1 Bg4 8. h3 Bh5 9. d3 e6 10. Nbd2 h6 11. Be2 Be7 12. d4 cxd4 13. cxd4 d5 14. e5 Nd7 15. Nb3 O-O 16. Be3 Rc8 17. Rc1 Qb6 18. Nfd2 Bg6 19. Nb1 a5 20. a4 Bxb1 21. Rxb1 Nb4 22. Bb5 Nb8 23. Rc1 N8c6 24. Qd2 Rfd8 25. Rc3 Bf8 26. Bxh6 gxh6 27. Rg3+ Kh8 28. Qf4 Bg7 29. Qxf7 Rc7 30. Qxe6 Nc2 31. Rd1 Qa7 32. Bd3 N2xd4 33. Qg6 Kg8 34. Qh7+ Kf8 35. Rg4 1-0


[Site "https://www.chess.com"]

[Event "Titled Tuesday Blitz July 4 Late 2023"]
[White "Gasparyan, David"]
[Black "Djabri, Massinas"]
[WhiteFideId "13311980"]
[BlackFideId "7905726"]
[WhiteElo "2543"]
[BlackElo "2360"]
[Result "1/2-1/2"]
[Round "5"]
[TimeControl "180+2"]
[Date "2023.07.04"]
[WhiteClock "0:00:15"]
[BlackClock "0:00:17"]
[Board "93"]

1. d4 Nf6 2. Nf3 g6 3. e3 Bg7 4. b3 O-O 5. Bb2 b6 6. Be2 Bb7 7. O-O d6 8. c4 Nfd7 9. Qc2 e5 10. Nbd2 Nc6 11. Rac1 a5 12. a3 Ne7 13. b4 axb4 14. axb4 c5 15. dxc5 bxc5 16. b5 Nb6 17. Rfd1 Na4 18. Ba1 Qc7 19. Ne4 Nc8 20. Nc3 Nxc3 21. Bxc3 Nb6 22. Ng5 Rfd8 23. Ra1 Rxa1 24. Rxa1 h6 25. Nf3 Ra8 26. Rxa8+ Bxa8 27. Qa2 Be4 28. Nd2 Bf5 29. Bf3 Be6 30. Qa5 Qb8 31. Qa2 g5 32. h3 f5 33. e4 f4 34. Bg4 Bf7 35. Ba5 Bf8 36. Bxb6 Qxb6 37. Qa6 Qb8 38. Nb3 Bxc4 39. Nxc5 Bxb5 40. Be6+ Kh8 41. Qb7 Qxb7 42. Nxb7 Bc6 43. Bd5 Bxb7 44. Bxb7 Be7 45. f3 Kg7 46. Kf2 Kf6 47. Ke2 Ke6 48. Kd3 Kd7 49. Kc4 Kc7 50. Ba6 Kb6 51. Bc8 Kc7 52. Be6 Kc6 53. Bd5+ Kc7 54. Kb5 Bf6 55. Ba8 Kd7 56. Kb6 Bd8+ 57. Kb5 Bc7 58. Bc6+ Ke7 59. Kc4 Ba5 60. Kd5 Bb4 61. Bb5 Bc5 62. Kc6 Kf6 63. Kd7 h5 64. Ke8 g4 65. Kf8 Kg5 66. Kf7 gxf3 67. gxf3 Kh4 68. Kg6 Kxh3 69. Kxh5 Kg3 70. Be2 Kf2 71. Bd1 Ke1 72. Ba4 Ke2 73. Kg4 Ke3 74. Bb3 Ke2 75. Bc4+ Kf2 76. Bd5 Ke3 77. Bb7 Bd4 78. Bd5 Bc5 79. Bc4 Ba3 80. Bd5 Kd4 81. Ba8 Kc4 82. Kf5 Kc5 83. Bd5 Bb2 84. Ke6 Bc3 85. Kf5 Bb4 86. Kg4 Kd4 87. Bc6 Ke3 88. Bd5 Kf2 89. Bb3 Ke3 90. Bd5 Kd4 91. Kf5 Kd3 92. Kg4 Ke3 93. Be6 Kd4 94. Bg8 Ke3 95. Ba2 Kd4 96. Kh3 Kc3 97. Be6 Kd2 98. Kg4 Ke3 99. Bc4 Kd4 100. Bd5 Ke3 101. Bc4 Kd4 102. Bd5 Kc5 103. Kf5 Kd4 104. Kg4 1/2-1/2


[Site "https://www.chess.com"]

[Event "Titled Tuesday Blitz July 4 Late 2023"]
[White "Fiol, Fabrice"]
[Black "Eggleston, Thomas A"]
[WhiteFideId "611670"]
[BlackFideId "412139"]
[WhiteElo "2540"]
[BlackElo "2358"]
[Result "1-0"]
[Round "5"]
[TimeControl "180+2"]
[Date "2023.07.04"]
[WhiteClock "0:00:09"]
[BlackClock "0:00:00"]
[Board "94"]

1. e4 e6 2. Qe2 c5 3. Nf3 Nc6 4. g3 g6 5. Bg2 Bg7 6. O-O Nge7 7. d3 O-O 8. h4 h6 9. c3 d5 10. e5 d4 11. c4 f6 12. exf6 Rxf6 13. Nbd2 Rf8 14. Ne4 b6 15. Re1 e5 16. Qc2 Bg4 17. Nh2 Bf5 18. Bd2 Qd7 19. a3 a5 20. Rab1 a4 21. b3 axb3 22. Qxb3 Ra6 23. a4 Na7 24. a5 Nac8 25. axb6 Rxb6 26. Qa3 Rxb1 27. Rxb1 Bh3 28. Nxc5 Qf5 29. Rf1 Bxg2 30. Kxg2 g5 31. hxg5 hxg5 32. Ne4 Ng6 33. Nxg5 Bh6 34. Ngf3 Bxd2 35. Nxd2 Qg5 36. Ne4 Nf4+ 37. Kh1 Qh5 38. c5 Ne2 39. Qb3+ Kh8 40. Qe6 Nxg3+ 41. Nxg3 Qh7 42. Qxe5+ Qg7 43. Qxg7+ Kxg7 44. Ne4 Kf7 45. Ng4 Ke6 46. Kg2 Kd5 47. f3 Ne7 48. Ngf6+ Kc6 49. Rb1 Nf5 50. Rb6+ Kc7 51. Ra6 Ne3+ 52. Kf2 Rh8 53. Ra7+ Kb8 54. Rh7 Rf8 55. c6 Nd1+ 56. Ke1 Ne3 57. Nd7+ 1-0


[Site "https://www.chess.com"]

[Event "Titled Tuesday Blitz July 4 Late 2023"]
[White "Francisco Guecamburu, Candela Be"]
[Black "Zherebtsova, Alexandra"]
[WhiteFideId "160911"]
[BlackFideId "24129518"]
[WhiteElo "2536"]
[BlackElo "2355"]
[Result "1-0"]
[Round "5"]
[TimeControl "180+2"]
[Date "2023.07.04"]
[WhiteClock "0:00:02"]
[BlackClock "0:00:00"]
[Board "95"]

1. e4 e5 2. Nf3 Nc6 3. Bb5 a6 4. Ba4 Nf6 5. d3 d6 6. c4 g6 7. Nc3 Bg7 8. Be3 Nd7 9. Bg5 f6 10. Be3 O-O 11. O-O Nb6 12. Bb3 Kh8 13. h3 Be6 14. Qe2 h6 15. d4 Bg8 16. d5 Ne7 17. c5 Nbc8 18. Nh4 f5 19. exf5 gxf5 20. f4 e4 21. Rad1 Kh7 22. Qf2 dxc5 23. Bxc5 Nd6 24. Bd4 Qe8 25. Qg3 Bxd4+ 26. Rxd4 Qh5 27. Bd1 Qe8 28. Be2 Qf7 29. Rfd1 Qf6 30. Bf1 Bf7 31. Qe1 Rg8 32. Kh2 Rg7 33. Na4 b6 34. Nc3 Rag8 35. Bxa6 Ng6 36. Nxg6 Bxg6 37. Bf1 Bh5 38. R1d2 Qg6 39. Nd1 Bf3 40. Qf2 Qh5 41. Ne3 1-0


[Site "https://www.chess.com"]

[Event "Titled Tuesday Blitz July 4 Late 2023"]
[White "Kozelov, Roman"]
[Black "Rottenwohrer Suarez, Juan"]
[WhiteFideId "14133377"]
[BlackFideId "32068182"]
[WhiteElo "2354"]
[BlackElo "2531"]
[Result "0-1"]
[Round "5"]
[TimeControl "180+2"]
[Date "2023.07.04"]
[WhiteClock "0:00:00"]
[BlackClock "0:00:04"]
[Board "96"]

1. e4 c5 2. Nf3 g6 3. a4 Bg7 4. Nc3 Nc6 5. Bb5 Nd4 6. Nxd4 cxd4 7. Ne2 a6 8. Bc4 d5 9. exd5 Nf6 10. d3 Nxd5 11. O-O O-O 12. Nf4 Nb4 13. a5 e5 14. Ne2 Nc6 15. f4 Nxa5 16. Ba2 Nc6 17. fxe5 Nxe5 18. Nf4 Ng4 19. Qf3 Ne5 20. Qf2 Bd7 21. Bd2 a5 22. Rae1 Bc6 23. Qg3 Rc8 24. Nh3 Bd5 25. Bxd5 Qxd5 26. Bf4 Nc6 27. Ng5 Nb4 28. Ne4 Nxc2 29. Re2 Ne3 30. Rfe1 Nf5 31. Qh3 h5 32. Ng5 a4 33. g4 Ne3 34. gxh5 f6 35. Ne6 Qxh5 36. Qxh5 gxh5 37. Nxf8 Bxf8 38. Bxe3 dxe3 39. Kg2 Bc5 40. Kf3 Rd8 41. Rd1 b6 42. d4 Rxd4 43. Rxd4 Bxd4 44. Ke4 Bc5 45. Kf5 Kf7 46. h4 b5 47. Rc2 Bd4 48. Rc7+ Ke8 49. Ke6 Kf8 50. Rc2 b4 51. Rg2 a3 52. bxa3 bxa3 53. Re2 Bb2 54. Rxe3 a2 0-1


[Site "https://www.chess.com"]

[Event "Titled Tuesday Blitz July 4 Late 2023"]
[White "WindWhistler11"]
[Black "Lach, Aleksandra"]
[BlackFideId "1134299"]
[WhiteElo "2530"]
[BlackElo "2345"]
[Result "1-0"]
[Round "5"]
[TimeControl "180+2"]
[Date "2023.07.04"]
[WhiteClock "0:00:42"]
[BlackClock "0:00:16"]
[Board "97"]

1. Nf3 d6 2. g3 e5 3. d4 e4 4. Ng5 d5 5. c4 c6 6. Nc3 h6 7. Nh3 Nf6 8. cxd5 cxd5 9. Bf4 Nc6 10. Bg2 Bb4 11. O-O Bxc3 12. bxc3 O-O 13. f3 exf3 14. exf3 Qa5 15. Qb3 b6 16. Rf2 Re8 17. Bf1 Ba6 18. Rd2 Bxf1 19. Rxf1 Rac8 20. Nf2 g5 21. Bd6 Re6 22. Ba3 Rce8 23. Nd3 Nxd4 24. Qb4 Qxb4 25. Nxb4 Ne2+ 26. Kh1 Nxc3 27. Bb2 Nb5 28. Bxf6 Rxf6 29. Nxd5 Rc6 30. f4 gxf4 31. Rxf4 Re1+ 32. Kg2 Rce6 33. Rg4+ Kf8 34. Nf4 Rd6 35. Rf2 Red1 36. Ng6+ Ke8 37. Ne5 R1d2 38. Rf4 Rxf2+ 39. Rxf2 f6 40. Ng6 Kf7 41. Nh4 Rc6 42. Nf5 Kg6 43. Ne7+ 1-0


[Site "https://www.chess.com"]

[Event "Titled Tuesday Blitz July 4 Late 2023"]
[White "Osmak, Yuliia"]
[Black "Shapiro, Daniel"]
[WhiteFideId "14101602"]
[BlackFideId "2001780"]
[WhiteElo "2529"]
[BlackElo "2344"]
[Result "1-0"]
[Round "5"]
[TimeControl "180+2"]
[Date "2023.07.04"]
[WhiteClock "0:00:26"]
[BlackClock "0:00:00"]
[Board "98"]

1. Nf3 Nf6 2. g3 d5 3. Bg2 e6 4. O-O Be7 5. d4 O-O 6. c4 c6 7. Nc3 b6 8. b3 Bb7 9. Bb2 Nbd7 10. Rc1 Rc8 11. Qd3 Qc7 12. Rfd1 Qb8 13. e4 Rfd8 14. e5 Ne8 15. cxd5 cxd5 16. h4 h6 17. Ne2 Nc7 18. Nf4 Ba6 19. Qd2 Nb5 20. a4 Nc7 21. Nh5 Ne8 22. Nh2 Rxc1 23. Bxc1 Rc8 24. Ng4 Bf8 25. Qf4 Qc7 26. Be3 Qc2 27. Bf3 Qxb3 28. Nh2 Qc2 29. g4 Rc4 30. g5 Qg6 31. Ng3 hxg5 32. hxg5 Qh7 33. Bh5 g6 34. Be2 Rxa4 35. Bxa6 Rxa6 36. Ng4 Ra2 37. Kg2 a5 38. Rh1 Qg7 39. Nh6+ 1-0


[Site "https://www.chess.com"]

[Event "Titled Tuesday Blitz July 4 Late 2023"]
[White "Hajiyev, Kanan"]
[Black "el_sporco"]
[WhiteFideId "13404148"]
[WhiteElo "2528"]
[BlackElo "2341"]
[Result "0-1"]
[Round "5"]
[TimeControl "180+2"]
[Date "2023.07.04"]
[WhiteClock "0:01:15"]
[BlackClock "0:00:10"]
[Board "99"]

1. d4 d5 2. c4 e6 3. cxd5 exd5 4. Nc3 Nf6 5. Bg5 Be7 6. Qc2 h6 7. Bf4 c6 8. e3 O-O 9. Bd3 Nh5 10. Be5 Nd7 11. Nf3 Nxe5 12. Nxe5 Nf6 13. O-O Ng4 14. Nxg4 Bxg4 15. Bf5 Bxf5 16. Qxf5 g6 17. Qf4 Kg7 18. Rab1 Bd6 19. Qf3 f5 20. b4 g5 21. b5 g4 22. Qe2 Qh4 23. g3 Qh3 24. bxc6 bxc6 25. Rb7+ Kg6 26. Rc1 h5 27. Qf1 Qxf1+ 28. Kxf1 Rfb8 29. Rcb1 h4 30. Rxb8 Rxb8 31. Rxb8 Bxb8 32. Ke2 Kf7 33. Kd3 Ke6 34. Na4 Bd6 35. Kc3 h3 36. Kb3 Kd7 37. Nb2 c5 38. dxc5 Bxc5 39. Nd3 Bd6 40. Kc3 Ke6 41. Kd4 a6 42. a4 a5 43. Ne1 Be5+ 44. Kd3 Kd6 45. Nc2 Kc5 46. Ke2 Kc4 47. Kd2 Kb3 48. Ne1 Bc3+ 49. Ke2 Bxe1 50. e4 dxe4 51. Kxe1 Kxa4 52. Ke2 Kb3 53. Ke3 a4 54. Kf4 a3 55. f3 exf3 56. Kxf5 f2 57. Kxg4 f1=Q 58. Kh4 Qg2 59. g4 Qxh2 60. g5 Qg2 61. Kh5 h2 62. Kg6 h1=Q 63. Kf6 Qhf1+ 64. Kg6 Qxg5+ 65. Kxg5 a2 66. Kh4 a1=Q 67. Kg3 Qc3+ 68. Kh2 Qd2+ 69. Kg3 Qfd3+ 70. Kg4 Qe4+ 71. Kh5 Qdd5+ 72. Kh6 Qee6+ 73. Kh7 Qdd7+ 74. Kh8 Qee8# 0-1


[Site "https://www.chess.com"]

[Event "Titled Tuesday Blitz July 4 Late 2023"]
[White "Bilan, Danila"]
[Black "kripri"]
[WhiteFideId "24161918"]
[WhiteElo "2517"]
[BlackElo "2332"]
[Result "1-0"]
[Round "5"]
[TimeControl "180+2"]
[Date "2023.07.04"]
[WhiteClock "0:00:12"]
[BlackClock "0:00:12"]
[Board "100"]

1. d4 d5 2. Nf3 Nf6 3. c4 c6 4. Nc3 dxc4 5. a4 Bf5 6. e3 e6 7. Bxc4 Nbd7 8. O-O Be7 9. Qe2 Ne4 10. Bd3 Nxc3 11. bxc3 Bxd3 12. Qxd3 O-O 13. c4 Qc7 14. Rb1 Rad8 15. Qb3 b6 16. Ba3 Nf6 17. c5 bxc5 18. Qb7 Rd7 19. Qxc7 Rxc7 20. Bxc5 Bxc5 21. dxc5 Ne4 22. Rfc1 Rd8 23. Rb4 Nf6 24. h3 h6 25. a5 Nd5 26. Rb3 f6 27. a6 e5 28. Nh4 Ne7 29. e4 Kf7 30. Nf3 Rcd7 31. Kh2 Ng6 32. Rcb1 Nf4 33. g3 Nd3 34. Kg2 Nxc5 35. Rc3 Nxe4 36. Rxc6 Nd2 37. Nxd2 Rxd2 38. Rb7+ R8d7 39. Rcc7 Ke7 40. Rxa7 Rxc7 41. Rxc7+ Kd6 42. Rxg7 Ra2 43. a7 Ke6 44. h4 Kf5 45. h5 e4 46. Kf1 e3 47. fxe3 Ke4 48. Re7+ Kf3 49. Ke1 Kxg3 50. Kd1 Kg4 51. Rg7+ Kxh5 52. Kc1 Kh4 53. Kb1 Ra5 54. Kb2 h5 55. Kb3 Kh3 56. Kb4 Ra1 57. Kb5 h4 58. Kb6 Kh2 59. Kb7 Rb1+ 60. Kc8 Ra1 61. Kb8 Rb1+ 62. Rb7 Ra1 63. a8=Q Rxa8+ 64. Kxa8 h3 65. Rf7 Kg2 66. Rxf6 h2 67. Rh6 h1=Q 68. Rxh1 Kxh1 69. e4 Kg2 70. e5 Kg3 71. e6 1-0


[Site "https://www.chess.com"]

[Event "Titled Tuesday Blitz July 4 Late 2023"]
[White "Camacho Collados, Marcos"]
[Black "Rodriguez Santiago, Jaime"]
[WhiteFideId "2266237"]
[BlackFideId "3100898"]
[WhiteElo "2514"]
[BlackElo "2325"]
[Result "1-0"]
[Round "5"]
[TimeControl "180+2"]
[Date "2023.07.04"]
[WhiteClock "0:00:10"]
[BlackClock "0:00:01"]
[Board "101"]

1. Nf3 Nf6 2. g3 d5 3. Bg2 c5 4. O-O Nc6 5. d3 e6 6. Nbd2 Be7 7. e4 b6 8. Re1 O-O 9. e5 Nd7 10. Nf1 Bb7 11. h4 d4 12. N1h2 Qc7 13. Bf4 Nb4 14. h5 Nd5 15. Bd2 h6 16. Ng4 Kh7 17. Qc1 Rh8 18. c4 dxc3 19. bxc3 Kg8 20. a3 Bf8 21. c4 Ne7 22. Nh4 Bxg2 23. Kxg2 Rd8 24. Kg1 Nf5 25. Bf4 Nxh4 26. gxh4 Be7 27. Bg3 Nb8 28. Qe3 Rd4 29. Qf3 Qd8 30. Re4 Rxd3 31. Qg2 Nc6 32. Nf6+ Bxf6 33. exf6 Qxf6 34. Rae1 Kh7 35. Rf4 Qe7 36. Qe4+ f5 37. Qxd3 Rd8 38. Qe2 Nd4 39. Rxd4 Rxd4 40. Qxe6 Qxe6 41. Rxe6 f4 42. Bh2 Rxc4 43. Kg2 Rc3 44. Bxf4 Rxa3 45. Re7 Ra4 46. Kg3 Ra3+ 47. f3 Ra1 48. Be5 Rg1+ 49. Kf2 1-0


[Site "https://www.chess.com"]

[Event "Titled Tuesday Blitz July 4 Late 2023"]
[White "Mazarini41"]
[Black "Dylag, Emilia"]
[BlackFideId "21805172"]
[WhiteElo "2505"]
[BlackElo "2318"]
[Result "1-0"]
[Round "5"]
[TimeControl "180+2"]
[Date "2023.07.04"]
[WhiteClock "0:00:25"]
[BlackClock "0:00:10"]
[Board "102"]

1. d4 Nf6 2. c4 e6 3. Nf3 d5 4. g3 dxc4 5. Bg2 Bb4+ 6. Nbd2 O-O 7. O-O b5 8. a4 c6 9. Ne5 Nd5 10. Qc2 Bb7 11. Ne4 f6 12. Nf3 Nd7 13. b3 cxb3 14. Qxb3 Qe7 15. h4 a5 16. h5 N7b6 17. h6 g6 18. Nc5 bxa4 19. Qc2 Bc8 20. e4 Nc3 21. e5 fxe5 22. Nxe5 Bxc5 23. dxc5 Nbd5 24. Bb2 Nb5 25. Nxc6 Qg5 26. Rxa4 Qxh6 27. Rh4 Qg5 28. Re1 Ra6 29. Bxd5 exd5 30. Ne7+ Kf7 31. Rxh7+ Ke8 32. Nc6+ Be6 33. Rxe6+ 1-0


[Site "https://www.chess.com"]

[Event "Titled Tuesday Blitz July 4 Late 2023"]
[White "Zhang, Derek"]
[Black "Gerbelli Neto, Eduardo"]
[WhiteFideId "2087871"]
[BlackFideId "2103281"]
[WhiteElo "2499"]
[BlackElo "2313"]
[Result "0-1"]
[Round "5"]
[TimeControl "180+2"]
[Date "2023.07.04"]
[WhiteClock "0:00:05"]
[BlackClock "0:00:09"]
[Board "103"]

1. Nf3 Nf6 2. c4 c5 3. e3 d5 4. cxd5 Nxd5 5. Nc3 Nc6 6. Qc2 Ndb4 7. Qb1 g6 8. a3 Nd5 9. Be2 Bg7 10. Qc2 O-O 11. O-O Nxc3 12. dxc3 Bf5 13. e4 Bd7 14. Be3 b6 15. Rfd1 Qc7 16. Rac1 Rad8 17. b4 Ne5 18. Bg5 Be6 19. Bh4 Nxf3+ 20. Bxf3 Be5 21. Bg3 cxb4 22. cxb4 Qxc2 23. Rxc2 Rxd1+ 24. Bxd1 Rd8 25. Be2 Bxg3 26. hxg3 Kf8 27. f3 Bb3 28. Rb2 Bd1 29. Bb5 a5 30. Kf2 a4 31. Ke3 Bb3 32. Rd2 Rc8 33. Kd4 Rc1 34. f4 e6 35. Kd3 Ke7 36. Ke2 Ra1 37. Rd7+ Kf8 38. Rb7 Rxa3 39. Rxb6 Ra2+ 40. Kf3 Bd1+ 41. Ke3 Rxg2 42. Rb8+ Kg7 43. Ra8 Rxg3+ 44. Kd4 Rf3 45. Ke5 a3 46. Ra7 h5 47. Be8 h4 48. Bxf7 Kh6 49. Bxe6 Re3 50. Bg8 Kh5 51. Rh7+ Kg4 52. Bf7 g5 53. Be6+ Kg3 54. fxg5 Bc2 55. g6 Rxe4+ 56. Kd6 Rxb4 57. Rh6 Rb6+ 58. Ke7 Rb7+ 59. Kf6 Bb3 60. Bc8 Rb6+ 61. Kf5 a2 62. g7 Rb5+ 63. Kf6 a1=Q+ 64. Ke7 Qxg7+ 65. Kd6 Qxh6+ 66. Kc7 Qc6+ 67. Kd8 Rb8 0-1


[Site "https://www.chess.com"]

[Event "Titled Tuesday Blitz July 4 Late 2023"]
[White "Hamitevici, Vladimir"]
[Black "Vaglio Munoz, Jaime"]
[WhiteFideId "13902393"]
[BlackFideId "6500145"]
[WhiteElo "2499"]
[BlackElo "2311"]
[Result "1-0"]
[Round "5"]
[TimeControl "180+2"]
[Date "2023.07.04"]
[WhiteClock "0:00:16"]
[BlackClock "0:00:19"]
[Board "104"]

1. c4 c6 2. Qa4 a6 3. Nc3 e6 4. d4 Nf6 5. e4 b5 6. cxb5 cxb5 7. Bxb5 Bb7 8. Bd3 Be7 9. Nge2 O-O 10. O-O d6 11. Rd1 Nbd7 12. h3 Qb6 13. Be3 Qd8 14. b4 h6 15. Qb3 d5 16. e5 Ne8 17. a4 Nc7 18. a5 Bc6 19. Na4 Bxa4 20. Qxa4 Rb8 21. Rab1 Nb5 22. Rdc1 Rb7 23. Rc6 Nb8 24. Rc2 Qd7 25. Bxb5 Rxb5 26. Nc3 Rb7 27. Qxd7 Nxd7 28. b5 axb5 29. Rxb5 Rfb8 30. Rcb2 Rxb5 31. Rxb5 Bd8 32. Bd2 Ra8 33. Na4 f6 34. f4 fxe5 35. fxe5 Kf7 36. Kf2 Ke8 37. Ke2 g5 38. Kf3 Nb8 39. Nb6 Ra6 40. Nxd5 Nc6 41. Nb4 Nxd4+ 42. Ke4 Nxb5 43. Nxa6 Kd7 44. Nc5+ Kc6 45. Nxe6 Be7 46. Nd4+ Nxd4 47. Kxd4 Bc5+ 48. Ke4 g4 49. hxg4 Bf8 50. Kf5 Kd5 51. e6 Be7 52. Bxh6 Bd8 53. Bg5 Bxa5 54. e7 Bb4 55. e8=Q Bd6 56. Qe6+ Kc6 57. Bf4 Kb5 58. Qxd6 Kc4 59. Ke4 Kb3 60. Qc5 Kb2 61. Qc4 Ka3 62. Qb5 Ka2 63. Kd3 Ka1 64. Kc2 Ka2 65. Qa4# 1-0


[Site "https://www.chess.com"]

[Event "Titled Tuesday Blitz July 4 Late 2023"]
[White "Kovacevic, Radmila"]
[Black "only_strong_moves"]
[WhiteFideId "933171"]
[WhiteElo "2247"]
[BlackElo "2493"]
[Result "0-1"]
[Round "5"]
[TimeControl "180+2"]
[Date "2023.07.04"]
[WhiteClock "0:00:09"]
[BlackClock "0:00:18"]
[Board "106"]

1. e4 c5 2. Nf3 Nc6 3. Bc4 e6 4. O-O Nge7 5. Nc3 Ng6 6. Re1 Be7 7. d4 cxd4 8. Nxd4 O-O 9. g3 a6 10. Nxc6 dxc6 11. f4 b5 12. Bd3 c5 13. e5 Ra7 14. Be3 Rd7 15. Qe2 Bb7 16. Be4 Qa8 17. Qg2 Bxe4 18. Nxe4 Qd5 19. h4 Rfd8 20. h5 Nf8 21. b3 f5 22. exf6 Bxf6 23. Rac1 Bd4 24. c3 Bxe3+ 25. Rxe3 h6 26. Rce1 c4 27. g4 cxb3 28. axb3 Rf7 29. g5 Kh8 30. Rf1 Qxb3 31. gxh6 gxh6 32. Kh2 Rg7 33. Ng5 Qc4 34. Qc2 hxg5 35. fxg5 Qh4+ 36. Rh3 Qxg5 37. h6 Rd2+ 38. Kh1 Qg2# 0-1


[Site "https://www.chess.com"]